 Dungeon Crawl Stone Soup version 0.16.1-4-g8e1b745 (webtiles) character file.

523 RobertPalmer the Covert (level 7, 0/45 HPs)
             Began as an Octopode Warper on Mar 26, 2015.
             Was an Initiate of Dithmenos.
             Succumbed to a centaur's poison
             ... on level 5 of the Dungeon.
             The game lasted 00:05:36 (4300 turns).

RobertPalmer the Covert (Octopode Warper)           Turns: 4300, Time: 00:05:36

Health: 0/45       AC:  2    Str: 10    XL:     7   Next: 22%
Magic:  12/12      EV: 12    Int: 16    God:    Dithmenos [......]
Gold:   292        SH:  0    Dex: 13    Spells: 3 memorised, 5 levels left

rFire  + . .     SeeInvis .     a - +2 dagger (venom)
rCold  + . .     Clarity  .     (no shield)
rNeg   . . .     SustAb   .     u - +1 hat
rPois  .         Gourm    .     (no amulet)
rElec  .         Spirit   .     C - ring of protection from cold {rC+, !d}
rCorr  .         Warding  .     r - ring of protection from fire (curse) {rF+, !d}
rMut   .         Stasis   .     (no ring)
MR     .....                    (no ring)
Stlth  +++++.....               (no ring)
                                (no ring)
                                (no ring)
                                (no ring)

@: lethally poisoned (0 -> -11), invisible, not resistant to hostile
enchantments, quite stealthy
A: almost no armour, amphibious, 8 rings, constrict 8, camouflage 1, gelatinous
body 1
a: Renounce Religion


You were on level 5 of the Dungeon.
You worshipped Dithmenos.
Dithmenos was noncommittal.
You were hungry.

You visited 1 branch of the dungeon, and saw 5 of its levels.

You collected 292 gold pieces.

Inventory:

Hand weapons
 a - a +2 dagger of venom (weapon)
   (You took it off a goblin on level 1 of the Dungeon)
Missiles
 e - 5 tomahawks of dispersal {=f}
Armour
 u - a +1 hat (worn)
   (You found it on level 3 of the Dungeon)
Jewellery
 g - an uncursed ring of protection from magic {unknown}
   (You found it on level 5 of the Dungeon)
 r - a cursed ring of protection from fire (right tentacle) {rF+, !d}
   (You found it on level 2 of the Dungeon)
 C - a ring of protection from cold (left tentacle) {rC+, !d}
   (You found it on level 4 of the Dungeon)
Magical devices
 y - a wand of fire (3)
   (You found it on level 4 of the Dungeon)
Scrolls
 d - a scroll of blinking {!r}
 h - a scroll of enchant weapon
 i - 5 scrolls of teleportation {unknown}
 j - 2 scrolls of remove curse {unknown}
 l - 2 scrolls of identify
 o - a scroll of random uselessness {unknown}
 p - a scroll of recharging {unknown}
 s - 3 scrolls of fog {unknown}
Potions
 b - a potion of invisibility
 k - a potion of agility {unknown}
 n - a potion of beneficial mutation {unknown}
 q - a potion of poison {unknown}
 v - a potion of berserk rage {unknown}
 x - a potion of magic {unknown}
 z - a potion of curing {unknown}
 A - a potion of restore abilities {unknown}
 B - a potion of ambrosia {unknown}
Books
 c - a book of Spatial Translocations
Comestibles
 f - 5 bread rations {@e1}
 m - 4 fruits
 t - 2 beef jerkies
 w - a royal jelly


   Skills:
 - Level 2.0 Fighting
 - Level 5.0 Short Blades
 - Level 1.0 Throwing
 - Level 2.3 Dodging
 + Level 8.0 Stealth
 - Level 2.0 Spellcasting
 - Level 3.0 Translocations


You had 5 spell levels left.
You knew the following spells:

 Your Spells              Type           Power        Failure   Level  Hunger
a - Shroud of Golubria    Chrm/Tloc      #.........   17%         2    ###....
b - Blink                 Tloc           N/A          10%         2    ###....
g - Apportation           Tloc           ##........   8%          1    #......


Dungeon Overview and Level Annotations

Branches:
Dungeon (5/15)
 Temple: D:4-7

Altars:
Dithmenos
Elyvilon
Gozag
Okawaru
Qazlal
Xom

Annotations:
D:3 JustSomeDude's ghost, average FoAK


Innate Abilities, Weirdness & Mutations

You cannot wear most types of armour.
You are amphibious.
You can wear up to eight rings at the same time.
You can use your tentacles to constrict many enemies at once.
Your skin changes colour to match your surroundings (Stealth).
Your rubbery body absorbs attacks (AC +1).


Message History

You finish memorising.
Spell assigned to 'a'.
You hit the centaur zombie but do no damage.
The centaur zombie closely misses you.
You hit the centaur zombie. You squeeze the centaur zombie!
The centaur zombie closely misses you.
You hit the centaur zombie. The centaur zombie hits you.
You take 2 damage, and have 43/45 hp.
You hit the centaur zombie but do no damage.
You hit the centaur zombie. You squeeze the centaur zombie!
The centaur zombie hits you! The centaur zombie hits you.
You take 9 damage, and have 34/45 hp.
You hit the centaur zombie.
You destroy the centaur zombie!
Dithmenos accepts your kill.
Your Stealth skill increases to level 8!
No target in view!
You don't know that spell.
Space distorts slightly along a thin shroud covering your body.
You now have 10/12 mp.
Unknown command.
A ball python comes into view.
Your shroud begins to fray at the edges.
You closely miss the ball python. You grab the ball python.
You constrict the ball python, but do no damage.
The ball python bites you but does no damage.
The ball python barely misses you.
You hit the ball python.
You kill the ball python!
Dithmenos accepts your kill.
You see here a ball python corpse.
You butcher the ball python corpse.
x - a chunk of flesh {@w0} Eating a chunk of flesh {@w0}.
Your shroud unravels.
You continue eating. x2
MP restored: 12
Found a stone staircase leading up.
Unknown command.
You regained 2 hp, and now have 39/45 hp.
x - a yellow potion You regained 3 hp, and now have 42/45 hp.
There is a stone staircase leading up here.
A centaur skeleton comes into view.
Found a meat ration.
Found a stone staircase leading down.
A centaur skeleton is nearby!
Health restored: 45 A centaur skeleton is nearby!
A centaur skeleton is nearby!
A centaur skeleton is nearby!
A centaur skeleton is nearby!
A centaur comes into view.
The centaur shouts!
The centaur wields a shortbow.
The centaur shoots a poisoned arrow.
The poisoned arrow barely misses you.
You see here a poisoned arrow.
The centaur shoots a poisoned arrow.
The poisoned arrow hits you!
You see here a meat ration {@e2}.
You take 13 damage, and have 32/45 hp.
MASSIVE DAMAGE!!
The centaur shoots a poisoned arrow.
The poisoned arrow hits you.
You are poisoned.
You see here 2 poisoned arrows.
You take 1 damage, and have 31/45 hp.
You feel sick.
The centaur shoots a poisoned arrow.
The poisoned arrow hits you!
You are more poisoned.
You see here a poisoned arrow.
You take 10 damage, and have 21/45 hp.
MASSIVE DAMAGE!!
You feel sick.
You take 2 damage, and have 19/45 hp.
You feel sick.
The centaur shoots a poisoned arrow.
The poisoned arrow barely misses you.
You see here a poisoned arrow.
You take 1 damage, and have 18/45 hp.
Unknown command.
Read which item? (? for menu, Esc to quit)
Okay, then.
Drink which item? (? for menu, Esc to quit)
Okay, then.
You feel sick.
You take 2 damage, and have 16/45 hp.
Unknown command.
You feel sick.
The centaur shoots a poisoned arrow.
The poisoned arrow hits you!
* * * LOW HITPOINT WARNING * * *
You take 13 damage, and have 3/45 hp.
MASSIVE DAMAGE!!
* * * LOW HITPOINT WARNING * * *
You feel sick.
You take 1 damage, and have 2/45 hp.
You are feeling hungry.
* * * LOW HITPOINT WARNING * * *
You feel sick.
You take 1 damage, and have 1/45 hp.
Unknown command.
Drink which item? (? for menu, Esc to quit)
It was a potion of invisibility.
You fade into invisibility!
You die...

...............#
.............#
.........c..#
........%(.#
........##(## #####
##...## #..# ##...##
### ##(###.....#
#.##......# ###
#..#@.....# ##.###
####.........#
#....#####.....#.....##
......##............##
..............#.#...#
.......###....#.#####
.......###...##.#
........##...##.#
........#...###.#


There were no monsters in sight!

Vanquished Creatures
  Menkaure (D:4)
  An ogre (D:4)
  A centaur zombie (D:5)
  An iguana (D:4)
  An orc wizard (D:3)
  4 worker ants (D:4)
  Ijyb (D:2)
  2 adders (D:4)
  3 worms
  5 giant geckos
  An ooze (D:3)
  13 orcs
  5 bats
  A bat skeleton (D:4)
  3 giant cockroaches
  11 goblins
  3 hobgoblins
  2 quokkas (D:3)
  2 ball pythons
  4 giant newts
  A jackal skeleton (D:4)
  6 kobolds
  8 rats
80 creatures vanquished.

Notes
Turn   | Place    | Note
--------------------------------------------------------------
     0 | D:1      | RobertPalmer, the Octopode Warper, began the quest for the Orb.
     0 | D:1      | Reached XP level 1. HP: 14/14 MP: 3/3
   251 | D:1      | Reached XP level 2. HP: 19/19 MP: 4/4
   492 | D:1      | Reached skill level 3 in Short Blades
   696 | D:2      | Found an opulent altar of Gozag.
   706 | D:2      | Found an iron altar of Okawaru.
   950 | D:2      | Found a white marble altar of Elyvilon.
   986 | D:2      | Reached XP level 3. HP: 13/24 MP: 6/6
  1159 | D:2      | Noticed Ijyb
  1166 | D:2      | Killed Ijyb
  1166 | D:2      | Reached skill level 4 in Short Blades
  1632 | D:3      | Reached XP level 4. HP: 29/29 MP: 7/7
  1726 | D:3      | Noticed JustSomeDude's ghost (average FoAK)
  2475 | D:3      | Reached skill level 5 in Short Blades
  2475 | D:3      | Reached XP level 5. HP: 34/34 MP: 9/9
  2782 | D:4      | Reached skill level 2 in Stealth
  2784 | D:4      | Found a stormy altar of Qazlal.
  2793 | D:4      | Noticed an air elemental
  2794 | D:4      | Noticed a water elemental
  2794 | D:4      | Noticed a fire elemental
  2799 | D:4      | Noticed an ogre
  2814 | D:4      | Killed an ogre
  2814 | D:4      | Reached skill level 4 in Stealth
  2814 | D:4      | Reached XP level 6. HP: 35/39 MP: 10/10
  2846 | D:4      | Reached skill level 5 in Stealth
  2996 | D:4      | Noticed Menkaure
  3149 | D:4      | Found a shimmering altar of Xom.
  3149 | D:4      | Found a shimmering altar of Xom.
  3149 | D:4      | Found a shimmering altar of Xom.
  3149 | D:4      | Found a shimmering altar of Xom.
  3149 | D:4      | Found a shimmering altar of Xom.
  3150 | D:4      | Found a shimmering altar of Xom.
  3150 | D:4      | Found a shimmering altar of Xom.
  3151 | D:4      | Found a shimmering altar of Xom.
  3385 | D:4      | Killed Menkaure
  3385 | D:4      | Reached skill level 7 in Stealth
  3565 | D:4      | Reached XP level 7. HP: 33/45 MP: 12/12
  3823 | D:4      | Found a white marble altar of Elyvilon.
  3823 | D:4      | Found a shadowy altar of Dithmenos.
  3833 | D:4      | Became a worshipper of Dithmenos the Shadowed
  4054 | D:5      | Entered Level 5 of the Dungeon
  4087 | D:5      | Learned a level 2 spell: Blink
  4173 | D:5      | Learned a level 2 spell: Shroud of Golubria
  4178 | D:5      | Reached skill level 8 in Stealth
  4297 | D:5      | HP: 3/45 [centaur/poisoned arrow (13)]
  4299 | D:5      | HP: 1/45 [poisoned by a centaur]
  4300 | D:5      | Succumbed to a centaur's poison

Action                   |  1- 3 |  4- 6 |  7- 9 || total
-------------------------+-------+-------+-------++-------
Melee: Short sword       |    17 |       |       ||    17
       Dagger            |    31 |   115 |    23 ||   169
 Cast: Shroud of Golubri |       |       |     1 ||     1
  Use: Scroll            |       |     7 |       ||     7
       Potion            |       |       |     1 ||     1
 Stab: Sleeping          |     3 |       |     1 ||     4
  Eat: Chunk             |     1 |     7 |     2 ||    10

Vault maps used:
D:1:      nagdon_arrival_double_spiral, minivault_23
D:2:      minitemple, elyvilon_altar_3, uniq_iyjb
D:4:      xom_redecorated, gammafunk_temple_overflow_pools, first_bread,
          nicolae_qazlal_style_of_elements, uniq_menkaure
D:5:      nicolae_overflow_hidden_temple, nicolae_tso_swordbearing_angel,
          minmay_misc_feat_five

Table legend:
 A = Turns spent in this place as a percentage of turns spent in the entire game.
 B = Non-inter-level travel turns spent in this place as a percentage of non-inter-level travel turns spent in the entire game.
 C = Inter-level travel turns spent in this place as a percentage of turns spent in this place.
 D = Turns resting spent in this place as a percentage of non-inter-level travel turns spent in this place.
 E = Turns spent auto-exploring this place as a percentage of non-inter-level travel turns spent in this place.
 F = Non-inter-level travel turns spent in this place divided by the number of levels of this place that you've seen.
                   A       B       C       D       E      F
               +-------+-------+-------+-------+-------+----------------------
         Total | 100.0 | 100.0 |   0.7 |   3.6 |   8.4 | 242.2
       Dungeon | 100.0 | 100.0 |   0.7 |   3.6 |   8.4 | 242.2
               +-------+-------+-------+-------+-------+----------------------

Table legend:
 A = Kills in this place as a percentage of kills in entire the game.
 B = Kills by you in this place as a percentage of kills by you in the entire game.
 C = Kills by friends in this place as a percentage of kills by friends in the entire game.
 D = Other kills in this place as a percentage of other kills in the entire game.
 E = Experience gained in this place as a percentage of experience gained in the entire game.
 F = Experience gained in this place divided by the number of levels of this place that you have seen.
                   A       B       C       D       E      F
               +-------+-------+-------+-------+-------+----------------------
         Total | 100.0 | 100.0 |  -nan |  -nan | 100.0 | 149.6
       Dungeon | 100.0 | 100.0 |  -nan |  -nan | 100.0 | 149.6
               +-------+-------+-------+-------+-------+----------------------
